 Dungeon Sprint DCSS version 0.21.1-1-g345015f (webtiles) character file.

1682 doot the Unseen (level 8, -5/36 HPs)
             Began as a Spriggan Enchanter on May 1, 2018.
             Was a Believer of Lugonu.
             Shot with an arrow by a centaur warrior (21 damage)
             ... in the Dungeon (Sprint I: "Red Sonja").
             The game lasted 00:03:53 (718 turns).

doot the Unseen (Spriggan Enchanter)                 Turns: 718, Time: 00:03:54

Health: -5/36      AC:  2    Str:  4    XL:     8   Next: 71%
Magic:  23/23      EV: 24    Int: 17    God:    Lugonu [**....]
Gold:   495        SH:  0    Dex: 18    Spells: 15/27 levels left

rFire    . . .     SeeInvis +   a - +2 dagger (drain)
rCold    . . .     Gourm    .   (shield restricted)
rNeg     . . .     Faith    .   m - +0 robe
rPois    .         Spirit   .   (helmet restricted)
rElec    .         Reflect  .   (no cloak)
rCorr    .         Harm     .   (gloves unavailable)
MR       +....     NoTele   +   (boots unavailable)
Stlth    +++++++...             (no amulet)
HPRegen  0.12/turn              (no ring)
MPRegen  0.18/turn              (no ring)

@: very quick
A: very small, unfitting armour, see invisible, herbivore, speed 3, slow
metabolism 2
a: Bend Space, Renounce Religion


You were in the Dungeon.
You worshipped Lugonu.
Lugonu was pleased with you.
You were not hungry.

You visited 1 branch You collected 757 gold pieces.
You spent 262 gold pieces at shops.

Inventory:

Hand Weapons
 a - a +2 dagger of draining (weapon)
 b - a -2 blowgun
 n - a +1 dagger
Missiles
 o - 8 curare-tipped needles
Armour
 m - a +0 robe (worn)
Wands
 k - a wand of polymorph (12)
Scrolls
 j - 2 scrolls of blinking
 p - a scroll of remove curse {unknown}
 q - a scroll of fog {unknown}
Potions
 e - 3 potions of curing
 f - 2 potions of heal wounds
 g - a potion of haste
 h - 2 potions of magic
 i - a potion of berserk rage
 l - a potion of mutation {unknown}
Books
 c - a book of Maledictions

   Spells                             Type                      Level
   a - Corona                         Hexes                        1
   b - Ensorcelled Hibernation        Hexes/Ice                    2
   c - Confuse                        Hexes                        3
   d - Tukima's Dance                 Hexes                        3
   e - Dazzling Spray                 Conjuration/Hexes            3
Comestibles
 d - a ration


   Skills:
 + Level 4.3 Short Blades
 + Level 8.2 Dodging
 + Level 17.0 Stealth
 + Level 10.4 Spellcasting
 + Level 13.4 Hexes
 + Level 2.1 Ice Magic


You had 15 spell levels left.
You knew the following spells:

 Your Spells              Type           Power        Failure   Level  Hunger
a - Corona                Hex            ######.      1%          1    None
b - Ensorcelled Hibernat  Hex/Ice        #####.       1%          2    None
c - Confuse               Hex            ######..     1%          3    None
d - Tukima's Dance        Hex            ######..     1%          3    None
e - Dazzling Spray        Conj/Hex       ####..       1%          3    None


Dungeon Overview and Level Annotations

Branches:
Dungeon (1/1)

Altars:
Cheibriados
Dithmenos
Elyvilon
Fedhas
Gozag
Hepliaklqana
Kikubaaqudgha
Makhleb
Nemelex Xobeh
Okawaru
Qazlal
Ru
Sif Muna
Trog
Uskayaw
Vehumet
Wu Jian
Xom
Yredelemnul
Zin
The Shining One
Jiyva
Lugonu

Shops:
D **


Innate Abilities, Weirdness & Mutations

You are very small and have problems with some larger weapons.
You are too small for most types of armour.
You have supernaturally acute eyesight. (SInv)
You are a herbivore.
You cover ground extremely quickly.
You need consume almost no food.


Message History

You now have 485 gold pieces (gained 12).
You see here 18 stones.
You now have 495 gold pieces (gained 10).
You see here 18 stones.
You see here 18 stones.
You open the door.
The centaur warrior wields a longbow.
The centaur warrior shoots an arrow.
The arrow hits you!!
Ouch! That really hurt!
Found a robe and 16 gold pieces.
A centaur warrior comes into view.
There is an open door, spattered with blood here.
You see here 18 stones.
Which direction?
You close the door.
A centaur warrior opens the door.
There is an open door here.
The centaur warrior shoots an arrow.
The arrow hits you!!
Ouch! That really hurt!
You die...

#..#####'#####'#__###
#..####..#...#.####[§#
#..#__####..##.#≈§§§c#
#..#_____##'#_.+§≈§..+
#⌠⌠#_.∩..†'..._#≈≈c§c
####_..__##_.#'##'###
#_____###'#(#..(.#
############.####'###
#∩........'...'.@...+
###++++####...#######
###.### #.#'#.#
#.....# #.).(.#
#######


You could see a centaur warrior.

Vanquished Creatures
  Sonja (D)
  A deep troll (D)
  A slime creature (D)
  Sigmund (D)
  A yak (D)
  An ogre (D)
  A jelly (D)
  Ijyb (D)
  A ballistomycete spore (D)
9 creatures vanquished.

Vanquished Creatures (others)
  A ballistomycete spore (D)
1 creature vanquished.

Grand Total: 10 creatures vanquished

Notes
Turn   | Place    | Note
-------+----------+-------------------------------------------
     0 | D        | doot the Spriggan Enchanter began the quest for the Orb.
     0 | D        | Reached XP level 1. HP: 9/9 MP: 5/5
     1 | D        | Noticed Ijyb
     4 | D        | Killed Ijyb
     4 | D        | Reached skill level 6 in Stealth
     4 | D        | Reached skill level 5 in Hexes
     4 | D        | Reached XP level 2. HP: 13/13 MP: 5/7
     8 | D        | Learned a level 2 spell: Ensorcelled Hibernation
    12 | D        | Noticed an ogre
    14 | D        | Killed an ogre
    14 | D        | Reached skill level 9 in Stealth
    14 | D        | Reached skill level 5 in Spellcasting
    14 | D        | Reached XP level 3. HP: 16/16 MP: 5/10
    14 | D        | Reached XP level 4. HP: 21/21 MP: 6/12
    24 | D        | Noticed Sigmund
    27 | D        | Killed Sigmund
    27 | D        | Reached skill level 12 in Stealth
    27 | D        | Reached XP level 5. HP: 24/24 MP: 8/14
    32 | D        | Learned a level 3 spell: Confuse
    36 | D        | Learned a level 3 spell: Tukima's Dance
    40 | D        | Learned a level 3 spell: Dazzling Spray
    52 | D        | Found an ornate altar of the Wu Jian Council.
    52 | D        | Found a deep blue altar of Sif Muna.
    54 | D        | Found a radiant altar of Vehumet.
    63 | D        | Reached skill level 10 in Hexes
    63 | D        | Reached XP level 6. HP: 27/28 MP: 10/16
    69 | D        | Found a viscous altar of Jiyva.
    69 | D        | Found a corrupted altar of Lugonu.
    69 | D        | Noticed a slime creature
    70 | D        | Found a burning altar of Makhleb.
    70 | D        | Found a shimmering altar of Xom.
    86 | D        | Killed a slime creature
    86 | D        | Reached skill level 13 in Stealth
   215 | D        | Became a worshipper of Lugonu the Unformed
   215 | D        | Reached * piety under Lugonu
   236 | D        | Found Miubaati's Assorted Antiques.
   236 | D        | Found an ancient bone altar of Kikubaaqudgha.
   236 | D        | Found a hazy altar of Hepliaklqana.
   236 | D        | Found a hide-covered altar of Uskayaw.
   236 | D        | Found a basalt altar of Yredelemnul.
   236 | D        | Found an opulent altar of Gozag.
   236 | D        | Found a snail-covered altar of Cheibriados.
   236 | D        | Found a sacrificial altar of Ru.
   236 | D        | Found a shadowy altar of Dithmenos.
   236 | D        | Noticed a yak
   237 | D        | Found a stormy altar of Qazlal.
   237 | D        | Found a blossoming altar of Fedhas.
   237 | D        | Found a bloodstained altar of Trog.
   237 | D        | Found an iron altar of Okawaru.
   237 | D        | Found a glowing golden altar of the Shining One.
   237 | D        | Found a glowing silver altar of Zin.
   237 | D        | Found a white marble altar of Elyvilon.
   238 | D        | Killed a yak
   238 | D        | Reached skill level 14 in Stealth
   238 | D        | Reached skill level 1 in Ice Magic
   238 | D        | Reached XP level 7. HP: 32/32 MP: 17/19
   239 | D        | Found a sparkling altar of Nemelex Xobeh.
   243 | D        | Bought a potion of heal wounds for 105 gold pieces
   243 | D        | Bought a scroll of blinking for 157 gold pieces
   251 | D        | Noticed a centaur warrior
   257 | D        | Noticed Sonja
   261 | D        | Killed Sonja
   261 | D        | Reached skill level 16 in Stealth
   261 | D        | Reached XP level 8. HP: 36/36 MP: 19/22
   280 | D        | Noticed a deep troll
   284 | D        | Killed a deep troll
   284 | D        | Reached ** piety under Lugonu
   284 | D        | Reached skill level 17 in Stealth
   284 | D        | Reached skill level 10 in Spellcasting
   675 | D        | Found Ovat's General Store.
   715 | D        | Noticed a centaur warrior
   718 | D        | Shot with an arrow by a centaur warrior

Skill      XL: |  1  2  3  4  5  6  7  8 |
---------------+-------------------------+-----
Stealth        | 6 9 12 14 16 17 | 17.0
Spellcasting   | 3 5 6 8 9 10 | 10.4
Hexes          | 5 7 9 10 11 12 13 | 13.4
Dodging        | 4 6 7 8 |  8.2
Short Blades   | 2 3 4 |  4.3
Ice Magic      | 1 2 |  2.1

Action                   |  1- 3 |  4- 6 |  7- 9 || total
-------------------------+-------+-------+-------++-------
Melee: Dagger            |     2 |    11 |     3 ||    16
 Cast: Ensorcelled Hiber |       |     3 |       ||     3
       Confuse           |       |     2 |       ||     2
 Stab: Sleeping          |     2 |     4 |     3 ||     9
       Confused          |       |     1 |       ||     1
Dodge: Dodged            |       |     5 |       ||     5
